 Dungeon Crawl Stone Soup version 0.26.0-45-g9c1d065592 (webtiles) character file.

Game seed: 13349224140752530159

134 kaeus the Sneak (level 5, -2/35 HPs)
             Began as an Octopode Enchanter on Jan 29, 2021.
             Killed from afar by an orc wizard (4 damage)
             ... with a magic dart
             ... on level 3 of the Dungeon.
             The game lasted 00:02:13 (2504 turns).

kaeus the Sneak (Octopode Enchanter)                Turns: 2504, Time: 00:02:13

Health: -2/35      AC:  1    Str:  7    XL:     5   Next: 17%
Magic:  0/8        EV: 14    Int: 17    God:
Gold:   128        SH:  0    Dex: 14    Spells: 2/8 levels left

rFire    . . .     SeeInvis .   a - +1 dagger
rCold    . . .     Faith    .   (no shield)
rNeg     . . .     Spirit   +   (helmet restricted)
rPois    .         Reflect  .   m - amulet of guardian spirit
rElec    .         Harm     .   (no ring)
rCorr    .         Rampage  .   (no ring)
Will     .....                  (no ring)
Stlth    ++++......             (no ring)
HPRegen  0.11/turn              (no ring)
MPRegen  0.11/turn              (no ring)
                                (no ring)
                                (no ring)

@: flying
A: almost no armour, stealthy swim, amphibious, 8 rings, constrict 8, camouflage
1, gelatinous body 1
a: no special abilities


You were on level 3 of the Dungeon.
You visited 1 branch of the dungeon, and saw 3 of its levels.

You collected 128 gold pieces.

Inventory:

Hand Weapons
 a - a +1 dagger (weapon)
Missiles
 l - 6 poisoned darts
Jewellery
 m - an amulet of guardian spirit (around mantle)
Scrolls
 b - 4 scrolls of teleportation {unknown}
 d - 3 scrolls of identify {unknown}
 g - a scroll of blinking {unknown}
 h - a scroll of enchant weapon {unknown}
 i - a scroll of immolation {unknown}
 j - a scroll of fog {unknown}
 k - a scroll of magic mapping {unknown}
 o - a scroll of enchant armour {unknown}
Potions
 c - a potion of magic {unknown}
 e - a potion of heal wounds {unknown}
 n - a potion of invisibility {unknown}


   Skills:
 * Level 2.4 Fighting
 + Level 1.9 Short Blades
 + Level 2.6 Dodging
 + Level 4.7 Stealth
 + Level 2.4 Spellcasting
 + Level 3.4 Hexes


You had 2 spell levels left.
You knew the following spells:

 Your Spells              Type           Power        Failure   Level
a - Corona                Hex            14%          4%          1
b - Ensorcelled Hibernat  Hex/Ice        14%          14%         2
c - Dazzling Flash        Conj/Hex       14%          28%         3

Your spell library contained the following spells:

 Spells                   Type           Power        Failure   Level
 Confusing Touch          Hex            13%          14%         3
 Tukima's Dance           Hex            13%          14%         3


Dungeon Overview and Level Annotations

Branches:
Dungeon (3/15)

Altars:


Innate Abilities, Weirdness & Mutations

You cannot wear most types of armour.
You are very stealthy in the water. (Stealth+)
You are amphibious.
You can wear up to eight rings at the same time.
You can use your tentacles to constrict eight enemies at once.
Your skin changes colour to match your surroundings (Stealth+).
Your rubbery body absorbs attacks. (AC +1, EV +1)


Message History

* * * LOW HITPOINT WARNING * * *
You take 8 damage, and have 3/35 hp.
MASSIVE DAMAGE!!
You hit the orc wizard.
The orc wizard is severely wounded.
You constrict the orc wizard, but do no damage.
The orc wizard barely misses you.
The orc wizard hits you with a +0 dagger.
* * * LOW HITPOINT WARNING * * *
You take 1 damage, and have 2/35 hp.
You hit the orc wizard.
The orc wizard is severely wounded.
You constrict the orc wizard.
The orc wizard hits you but does no damage.
It was a potion of flight.
You feel very buoyant.
You fly up into the air.
You constrict the orc wizard, but do no damage.
The orc wizard points at you and mumbles some strange words.
The magic dart hits you.
You die...

###
..#
#.#
#o#
#@#
#.#
#.#
#.#
#.#
#)#
#)#
#.#
#.#


You could see an orc wizard (fast).

Vanquished Creatures
  Crazy Yiuf (D:2)
  Terence (D:2)
  2 adders (D:2)
  An ooze (D:2)
  A worm (D:2)
  2 dart slugs
  3 orcs (D:3)
  2 giant cockroaches (D:2)
  4 goblins
  7 hobgoblins
  6 jackals
  A ball python (D:1)
  4 bats
  4 frilled lizards
  8 kobolds
  3 rats (D:1)
50 creatures vanquished.

Notes
Turn   | Place    | Note
-------+----------+-------------------------------------------
     0 | D:1      | kaeus the Octopode Enchanter began the quest for the Orb.
     0 | D:1      | Reached XP level 1. HP: 11/11 MP: 3/3
   158 | D:1      | Reached XP level 2. HP: 10/18 MP: 5/5
   467 | D:1      | Reached skill level 1 in Fighting
   738 | D:1      | Reached XP level 3. HP: 23/23 MP: 6/6
   874 | D:1      | Learned a level 2 spell: Ensorcelled Hibernation
   878 | D:1      | Learned a level 3 spell: Dazzling Flash
  1402 | D:2      | Noticed Terence
  1413 | D:2      | Killed Terence
  1414 | D:2      | Reached XP level 4. HP: 20/29 MP: 7/7
  1924 | D:2      | Found a runed translucent door.
  1925 | D:2      | Noticed Crazy Yiuf
  2212 | D:2      | Killed Crazy Yiuf
  2213 | D:2      | Reached XP level 5. HP: 34/34 MP: 8/8
  2504 | D:3      | Killed from afar by an orc wizard

Illustrated notes

Levels and vault maps discovered:
D:1:      psy_arrival_fountain, layout_basic, minmay_misc_feat_hallway
D:2:      layout_loops_ring, uniq_crazy_yiuf_cottage, uniq_terence
D:3:      layout_loops_ring, minmay_misc_feat_diagonals,
          hangedman_decor_clover_reticule, uniq_grinder

Skill      XL: |  1  2  3  4 |
---------------+-------------+-----
Fighting       | 1 2 |  2.4
Short Blades   | |  1.9
Dodging        | |  2.6
Stealth        | |  4.7
Spellcasting   | |  2.4
Hexes          | |  3.4

Action                   |  1- 3 |  4- 6 || total
-------------------------+-------+-------++-------
Melee: Dagger            |    59 |    39 ||    98
       Constrict         |    12 |     7 ||    19
       Tentacles         |     8 |     3 ||    11
 Cast: Ensorcelled Hiber |     3 |    10 ||    13
  Use: Potion            |       |     1 ||     1
 Stab: Sleeping          |    19 |    10 ||    29
Armor: Skin              |     2 |       ||     2
Dodge: Dodged            |    30 |    16 ||    46
